 Dungeon Crawl Stone Soup version 0.25.1-1-g288607f5aa (webtiles) character file.

Game seed: 10673639227432177565

165 raetorn the Cutter (level 5, -1/27 HPs)
             Began as a Vine Stalker Berserker on July 22, 2020.
             Was a Believer of Trog.
             Shot with an arrow by a centaur (4 damage)
             ... on level 5 of the Dungeon.
             The game lasted 00:01:41 (998 turns).

raetorn the Cutter (Vine Stalker Berserker)          Turns: 998, Time: 00:01:42

Health: -1/27      AC:  9    Str: 19    XL:     5   Next: 46%
Magic:  0/6        EV:  8    Int:  7    God:    Trog [**....]
Gold:   25         SH:  0    Dex: 15    Spells: 4/4 levels left

rFire    . . .     SeeInvis .   a - +0 short sword
rCold    . . .     Gourm    .   (no shield)
rNeg     . . .     Faith    .   e - +0 chain mail
rPois    .         Spirit   +   j - +0 helmet
rElec    .         Reflect  .   (no cloak)
rCorr    .         Harm     .   (no gloves)
MR       .....                  (no boots)
Stlth    ..........             (no amulet)
HPRegen  0.49/turn              h - ring of attention (curse)
MPRegen  0.10/turn              (no ring)

@: brilliant, lethally poisoned (-1 -> -1), stab
A: fangs 2, regeneration 1, magic shield, antimagic bite, no potion heal 3, rot
immunity
a: Berserk, Trog's Hand, Renounce Religion


You were on level 5 of the Dungeon.
You worshipped Trog.
Trog was pleased with you.
You were not hungry.

You visited 1 branch of the dungeon, and saw 5 of its levels.

You collected 25 gold pieces.

Inventory:

Hand Weapons
 a - a +0 short sword (weapon)
Armour
 e - a +0 chain mail (worn)
 j - a +0 helmet (worn)
Jewellery
 h - a cursed ring of attention (left hand)
Scrolls
 b - 3 scrolls of identify {unknown}
 d - 3 scrolls of remove curse {unknown}
 i - a scroll of noise {unknown}
Comestibles
 c - a ration


   Skills:
 - Level 2.6 Fighting
 + Level 5.4 Short Blades
 - Level 1.5 Armour
 - Level 1.5 Dodging


You had 4 spell levels left.
You didn't know any spells.
Your spell library was empty.

Dungeon Overview and Level Annotations

Branches:
Dungeon (5/15)
 Temple: D:4-7

Altars:
Sif Muna


Innate Abilities, Weirdness & Mutations

You have extremely sharp teeth.
Your natural rate of healing is unusually fast.
When hurt, damage is shared between your health and your magic reserves.
Your bite disrupts and absorbs the magic of your enemies.
Potions cannot restore your health.
You are immune to rotting.


Message History

You can now call upon Trog for regeneration and magic resistance.
You feel sick.
The centaur shoots an arrow.
The arrow hits you.
* * * LOW HITPOINT WARNING * * *
The adder closely misses you. The hound bites you but does no damage.
You hit the hound.
The hound is lightly wounded.
The centaur shoots an arrow.
The arrow hits you but does no damage. The adder bites you but does no damage.
You barely miss the hound. You bite the hound. You drain its power.
You feel invigorated.
The hound is moderately wounded.
The adder barely misses you. The hound barely misses you.
The jackal bites you but does no damage.
The hound bites you but does no damage.
The crimson imp hits you but does no damage.
You feel sick. The hound completely misses you.
The crimson imp blinks!
The hound bites you but does no damage.
You feel sick. The hound closely misses you.
The centaur shoots an arrow.
The arrow hits you!
You die...

..........##†5......
.....##.####Wr......
.....##.####..#..##..
...........oo###..#..
##..........####....#..
#.....##.hc###........
#..######Sc.......(...
#.. #.h.#........... #.
##@##........... .
###.###.........#
....#..........#
.......##.....##
.......##....##
........<#....#
#..####........# ###
##....#.## #....###


You could see a phantom, an orc warrior, 2 centaurs, a hound, an adder, an orc,
a quokka and a jackal.

Vanquished Creatures
  A hound (D:5)
  A centaur skeleton (D:4)
  2 worker ants (D:4)
  A hound skeleton (D:4)
  3 adders
  A dart slug (D:3)
  A leopard gecko (D:4)
  A ball python (D:3)
  4 bats
  2 giant cockroaches
  3 jackals (D:1)
  3 frilled lizards
  A leopard gecko skeleton (D:4)
  3 rats (D:1)
27 creatures vanquished.

Notes
Turn   | Place    | Note
-------+----------+-------------------------------------------
     0 | D:1      | raetorn the Vine Stalker Berserker began the quest for the
                  | Orb.
     0 | D:1      | Reached XP level 1. HP: 11/11 MP: 2/2
    47 | D:1      | HP: 10/11 [frilled lizard (1)]
    98 | D:1      | HP: 10/11 [bat (1)]
   100 | D:1      | Reached skill level 3 in Short Blades
   108 | D:1      | HP: 9/11 [bat (1)]
   113 | D:1      | HP: 8/11 [rat (1)]
   246 | D:1      | Reached XP level 2. HP: 16/16 MP: 3/3
   249 | D:1      | HP: 15/16 [jackal (1)]
   254 | D:1      | HP: 14/16 [jackal (1)]
   355 | D:1      | HP: 15/16 [rat (1)]
   439 | D:3      | HP: 14/16 [adder (2)]
   443 | D:3      | Reached XP level 3. HP: 8/19 MP: 2/4
   444 | D:3      | HP: 7/19 [poisoned by an adder]
   451 | D:3      | HP: 6/19 [poisoned by an adder]
   459 | D:3      | HP: 4/19 [poisoned by an adder]
   534 | D:4      | Found a shimmering blue altar of Sif Muna.
   544 | D:4      | Reached skill level 4 in Short Blades
   704 | D:4      | HP: 18/19 [worker ant (1)]
   709 | D:4      | HP: 12/19 [worker ant (3)]
   713 | D:4      | Gained mutation: Your natural rate of healing is unusually
                  | fast. [Vine Stalker growth]
   713 | D:4      | Reached XP level 4. HP: 11/23 MP: 3/5
   715 | D:4      | HP: 11/34 [poisoned by a worker ant]
   720 | D:4      | HP: 7/23 [poisoned by a worker ant]
   727 | D:4      | HP: 9/23 [poisoned by a worker ant]
   732 | D:4      | HP: 10/23 [poisoned by a worker ant]
   806 | D:4      | HP: 20/23 [worker ant (3)]
   858 | D:4      | HP: 21/23 [centaur skeleton (2)]
   861 | D:4      | Reached skill level 5 in Short Blades
   861 | D:4      | Reached XP level 5. HP: 14/27 MP: 4/6
   951 | D:5      | Entered Level 5 of the Dungeon
   972 | D:5      | Noticed a centaur
   972 | D:5      | Noticed a phantom
   975 | D:5      | HP: 23/27 [centaur/arrow (4)]
   976 | D:5      | Noticed a centaur
   976 | D:5      | Noticed an orc warrior
   980 | D:5      | HP: 16/27 [crimson imp (1)]
   981 | D:5      | HP: 7/27 [hound (1)]
   986 | D:5      | HP: 3/27 [hound (3)]
   989 | D:5      | Reached ** piety under Trog
   989 | D:5      | HP: 1/27 [centaur/arrow (2)]
   997 | D:5      | HP: 2/27 [poisoned by an adder]
   998 | D:5      | Shot with an arrow by a centaur

Illustrated notes

Levels and vault maps discovered:
D:1:      sevenhm_arrival_forest_fort_large_2, layout_basic
D:2:      layout_rooms, old_standard_altar
D:3:      layout_loops_ring, first_ration
D:4:      layout_rooms, led_sif_book, gammafunk_temple_overflow_pools,
          minmay_temple_entry_poolview
D:5:      cheibrodos_fzero, layout_cave_pools, nicolae_overflow_crystal_walls,
          uniq_grinder

Skill      XL: |  1  2  3  4 |
---------------+-------------+-----
Short Blades   | 3 4 5 |  5.4
Fighting       | |  2.6
Armour         | |  1.5
Dodging        | |  1.5

Action                   |  1- 3 |  4- 6 || total
-------------------------+-------+-------++-------
Melee: Short sword       |    83 |    27 ||   110
       Bite              |    24 |    14 ||    38
Invok: Berserk           |     2 |       ||     2
  Use: Potion            |       |     2 ||     2
  Eat: Chunk             |       |     2 ||     2
Armor: Animal skin       |     7 |       ||     7
       Chain mail        |    24 |    26 ||    50
Dodge: Dodged            |    45 |    24 ||    69
